 Dungeon Crawl Stone Soup version 0.13-a0-2538-gc238810 (webtiles) character file.

727 Juliette the Shield-Bearer (level 7, -6/61 HPs)
             Began as a Hill Orc Fighter on July 28, 2013.
             Killed by divine providence
             ... invoked by an orc priest
              (12 damage)
             ... on Level 6 of the Dungeon.
             The game lasted 00:13:56 (3879 turns).

Juliette the Shield-Bearer (Hill Orc Fighter)       Turns: 3879, Time: 00:13:58

HP  -6/61        AC 12     Str 21      XL: 7   Next:  5%
MP   6/6         EV  7     Int  8      God:
Gold 272         SH 22     Dex  7 (10) Spells:  0 memorised,  6 levels left

Res.Fire  : . . .   See Invis. : .   g - +1,+0 orc mace
Res.Cold  : . . .   Warding    : .   b - +0 orc scale mail
Life Prot.: . . .   Conserve   : .   G - +1 shield
Res.Poison: .       Res.Corr.  : .   E - +2 cap
Res.Elec. : .       Clarity    : .   z - +0 cloak
Sust.Abil.: . .     Spirit.Shd : .   (no gloves)
Res.Mut.  : .       Stasis     : .   x - +1 pair of boots
Res.Rott. : .       Flight     : .   (no amulet)
Saprovore : + . .                    (no ring)
                                     (no ring)

@: slightly resistant to hostile enchantments, extremely unstealthy
A: saprovore 1
a: Convert to Beogh


You were on level 6 of the Dungeon.
You were hungry.

You visited 1 branch of the dungeon, and saw 6 of its levels.

You collected 252 gold pieces.

Inventory:

Hand weapons
 a - a +0,+0 orcish mace
 g - a +1,+0 orcish mace (weapon)
 h - a +2,+1 orcish whip
 n - a +0,+0 orcish whip
 v - a +2,+2 whip of reaching
 C - a +0,+0 whip
Armour
 b - a +0 orcish scale mail (worn)
 x - a +1 pair of boots (worn)
 z - a +0 cloak (worn)
 E - a +2 cap (worn)
 G - a +1 shield (worn)
Magical devices
 s - a wand of polymorph (6)
Comestibles
 d - 2 meat rations
 l - an apple
 p - 2 chokos
 q - 5 bread rations
Scrolls
 e - 4 scrolls of recharging {unknown}
 f - 5 scrolls of teleportation {unknown}
 i - 4 scrolls of remove curse {unknown}
 j - a scroll of fog {unknown}
 o - 4 scrolls of identify {unknown}
 t - a scroll of curse jewellery {unknown}
 y - 2 scrolls of curse weapon {unknown}
Potions
 c - a potion of restore abilities {unknown}
 r - 2 potions of curing
Books
 A - a book of Party Tricks

   Spells                             Type                      Level
   Summon Butterflies                 Summoning                    1
   Apportation                        Translocation                1
   Blink                              Translocation                2
   Alistair's Intoxication            Transmutation/Poison         4
   Tukima's Dance                     Hexes                        5


   Skills:
 - Level 6.1 Fighting
 - Level 2.1 Maces & Flails
 * Level 3.6 Armour
 - Level 7.0 Shields


You had 6 spell levels left.
You didn't know any spells.

Dungeon Overview and Level Annotations

Branches:
Dungeon (6/27)                Orc (0/4) D:6
 Temple: D:4-7

Altars:
Okawaru

Annotations
D:4 Dowan, Duvessa
D:5 Pikel


Innate Abilities, Weirdness & Mutations

You can tolerate rotten meat.


Message History

Something smites you!
Unknown command.
The orc priest mumbles some strange prayers to Beogh against you.
Something smites you!
The orc priest mumbles some strange prayers to Beogh against you.
Something smites you!
* * * LOW HITPOINT WARNING * * *
The orc wizard gestures wildly while chanting.
The orc wizard blinks!
The orc priest invokes the aid of Beogh against you.
Pain shoots through your body!
* * * LOW HITPOINT WARNING * * *
The orc priest calls upon Beogh to heal the orc priest.
The orc priest shouts, "Join the one true god or die!"
The orc priest's wounds heal themselves!
The orc priest calls down the wrath of Beogh upon you.
You resist.
The orc priest invokes the aid of Beogh against you.
Something smites you!
You die...

##. ......#
#......#
.......
#......# #.
....# #. ...#
# #.###..#.#
#....@.#.#
##........#
#.......### .
#...<...#
....
#.....o.#
o....
#.####....o##
o.....
..........o#
.......
#######...o#
.......
####.#
....>..


You could see 3 orc priests and an orc.

Vanquished Creatures
  Grinder (D:3)
  Crazy Yiuf (D:2)
  2 worker ants (D:4)
  Ijyb (D:2)
  3 adders
  An inept feature mimic (D:2)
  3 worms
  A giant mite (D:3)
  3 giant geckos
  4 oozes
  A ball python (D:1)
  3 giant cockroaches
  5 goblins
  10 hobgoblins
  7 jackals
  4 training dummies (D:2)
  4 bats
  3 giant newts (D:3)
  12 kobolds
  9 rats
  A rat skeleton (D:4)
79 creatures vanquished.

Notes
Turn   | Place    | Note
--------------------------------------------------------------
     0 | D:1      | Juliette, the Hill Orc Fighter, began the quest for the Orb.
     0 | D:1      | Reached XP level 1. HP: 19/19 MP: 0/0
   149 | D:1      | Reached skill level 4 in Fighting
   154 | D:1      | Reached XP level 2. HP: 12/27 MP: 1/1
   811 | D:2      | Noticed Ijyb
   830 | D:2      | Killed Ijyb
   830 | D:2      | Reached skill level 5 in Fighting
   830 | D:2      | Reached XP level 3. HP: 31/33 MP: 2/2
  1206 | D:2      | Reached XP level 4. HP: 40/40 MP: 3/3
  1332 | D:2      | Found an iron altar of Okawaru.
  1375 | D:2      | Reached skill level 6 in Fighting
  1803 | D:2      | Noticed Crazy Yiuf
  1820 | D:2      | Killed Crazy Yiuf
  1820 | D:2      | Reached XP level 5. HP: 18/47 MP: 4/4
  2248 | D:3      | Noticed Grinder
  2257 | D:3      | Paralysed by Grinder for 4 turns
  2265 | D:3      | Paralysed by Grinder for 6 turns
  2282 | D:3      | Paralysed by Grinder for 2 turns
  2294 | D:3      | Killed Grinder
  2294 | D:3      | Reached XP level 6. HP: 33/55 MP: 5/5
  3289 | D:4      | Reached skill level 7 in Shields
  3439 | D:4      | Reached XP level 7. HP: 58/61 MP: 6/6
  3545 | D:4      | Noticed Dowan
  3547 | D:4      | Noticed Duvessa
  3609 | D:5      | Entered Level 5 of the Dungeon
  3825 | D:5      | Noticed Pikel
  3859 | D:6      | Found a staircase to the Orcish Mines.
  3879 | D:6      | Killed from afar by an orc priest

Action                   |  1- 3 |  4- 6 |  7- 9 || total
-------------------------+-------+-------+-------++-------
Melee: Mace              |   112 |   150 |    45 ||   307
Evoke: Wand              |       |     3 |       ||     3
  Use: Potion            |       |       |     4 ||     4
       Scroll            |       |       |     2 ||     2
